 Dungeon Crawl Stone Soup version 0.21.1-1-g345015fe64 (console) character file.

16090 Kloppie the Basher (level 12, -5/110 HPs)
             Began as a Pale Draconian Berserker on Mar 4, 2018.
             Was a High Priest of Trog.
             Slain by a slime creature (14 damage)
             ... on level 11 of the Dungeon.
             The game lasted 00:20:51 (13219 turns).

Kloppie the Basher (Pale Draconian Berserker)      Turns: 13219, Time: 00:20:52

Health: -5/110     AC: 15    Str: 20    XL:     12   Next: 7%
Magic:  0/12       EV: 12    Int:  8    God:    Trog [*****.]
Gold:   749        SH: 16    Dex: 15    Spells: 11/11 levels left

rFire    . . .     SeeInvis .   b - +3 morningstar (protect)
rCold    . . .     Gourm    .   L - +2 shield
rNeg     . . .     Faith    .   (armour unavailable)
rPois    +         Spirit   +   (helmet restricted)
rElec    .         Reflect  +   x - scarf {Spirit}
rCorr    .         Harm     .   (no gloves)
MR       +....                  (no boots)
Stlth    +.........             G - +2 amulet of reflection
HPRegen  0.28/turn              o - ring of poison resistance
MPRegen  0.13/turn              A - ring of protection from magic

@: protection aura, berserk cooldown, slowed, very slow
A: breathe steam, unfitting armour, cold-blooded, AC +8
a: Breathe Steam, Berserk, Trog's Hand, Brothers in Arms, Burn Spellbooks,
Renounce Religion


You were on level 11 of the Dungeon.
You worshipped Trog.
Trog was extremely pleased with you.
You were not hungry.

You visited 2 branches of the dungeon, and saw 12 of its levels.

You collected 749 gold pieces.

Inventory:

Hand Weapons
 a - a +2 flail of venom
 b - a +3 morningstar of protection (weapon)
Armour
 r - a +1 cloak
 x - a scarf of spirit shield (worn)
 L - a +2 shield (worn)
Jewellery
 g - an uncursed ring of stealth
 o - a ring of poison resistance (left hand)
 A - a ring of protection from magic (right hand)
 E - an uncursed ring of fire
 G - a +2 amulet of reflection (around neck)
Wands
 s - a wand of disintegration (15)
 w - a wand of polymorph (33)
 H - a wand of digging (9)
 K - a wand of random effects (17)
Scrolls
 f - 2 scrolls of remove curse
 k - 2 scrolls of enchant weapon
 q - 2 scrolls of blinking
 t - 3 scrolls of teleportation
 u - a scroll of fog
 y - a scroll of identify
 D - 3 scrolls of magic mapping
Potions
 c - 2 potions of invisibility
 i - 3 potions of curing
 j - 3 potions of flight
 l - 2 potions of haste
 m - 2 potions of lignification
 v - 2 potions of ambrosia
 z - 2 potions of cancellation
 I - 2 potions of magic {unknown}
Comestibles
 d - 19 rations


   Skills:
 - Level 11.6 Fighting
 + Level 13.8 Maces & Flails
 + Level 3.4 Dodging
 - Level 9.2 Shields


You had 11 spell levels left.
You didn't know any spells.

Dungeon Overview and Level Annotations

Branches:
Dungeon (11/15)            Temple (0/1) D:6            Lair (1/6) D:10
    Orc (0/2) D:9

Altars:
Cheibriados
Fedhas
Makhleb
Nemelex Xobeh
Okawaru
Ru
Sif Muna
Vehumet
Wu Jian
Xom
Yredelemnul
Zin
The Shining One
Beogh

Shops:
D:11 }

Portals:
Trove: D:10 (give +5 fire dragon scales)


Innate Abilities, Weirdness & Mutations

You can breathe blasts of scalding, opaque steam.
Your pale cyan-grey scales are hard. (AC +8)
You cannot fit into any form of body armour.
You are cold-blooded and may be slowed by cold attacks.


Message History

The slime creature is severely wounded.
You block the slime creature's attack.
You impale the slime creature!!
You kill the slime creature!
Trog accepts your kill. You block the slime creature's attack.
You are no longer berserk.
You are exhausted.
You feel yourself slow down. You block the slime creature's attack.
You barely miss the slime creature. You tail-slap the slime creature!
The slime creature is lightly wounded.
The slime creature hits you!
* * * LOW HITPOINT WARNING * * *
The slime creature hits you!!
* * * LOW HITPOINT WARNING * * *
The slime creature hits you but does no damage.
You hit the slime creature. You tail-slap the slime creature.
The slime creature is moderately wounded.
The slime creature misses you. The slime creature hits you!
You die...

#.# #.# #.# #.# #.# #.#
#####################.#
......J...............##
.......@J...............
########################


You could see 2 slime creatures.

Vanquished Creatures
  Josephine (D:11)
  A two-headed ogre (D:8)
  Urug (D:11)
  3 elephants (D:10)
  Maurice (D:8)
  A black mamba (D:10)
  A kobold demonologist (D:9)
  A spiny frog (D:10)
  2 hornets
  A queen bee (D:9)
  A troll (D:9)
  4 slime creatures (D:11)
  A hippogriff (D:9)
  A shadow (D:11)
  7 yaks (D:10)
  2 humans (D:7)
  A basilisk (D:10)
  5 wraiths
  A hungry ghost (D:7)
  A steam dragon (D:9)
  Menkaure (D:7)
  Edmund (D:4)
  An acid dragon (D:10)
  A water moccasin (D:8)
  2 porcupines (D:10)
  4 sky beasts
  8 orc warriors
  A hornet zombie (D:7)
  4 ice beasts
  2 necrophages
  2 centaurs
  9 ogres
  3 phantoms
  5 crocodiles
  3 big kobolds
  3 bullfrogs
  A gnoll sergeant (D:9)
  A water moccasin zombie (D:9)
  3 scorpions
  3 wights
  19 killer bees
  4 howler monkeys
  The ghost of topfpfpflanze the Firebug, a weakling OpFE (D:3)
  2 bullfrog zombies
  5 crimson imps
  6 hounds
  4 centaur zombies
  4 orc priests
  Crazy Yiuf (D:7)
  6 orc wizards
  An iron imp (D:7)
  Natasha (twice) (D:3)
  3 iguanas
  3 worker ants
  2 hound skeletons
  A worker ant zombie (D:9)
  5 gnolls (D:9)
  8 adders
  5 shadow imps
  An ooze (D:3)
  2 adder skeletons
  An adder zombie (D:8)
  2 worms (D:4)
  4 dart slugs
  7 leopard geckos
  38 orcs
  7 ball pythons
  5 bats
  7 giant cockroaches
  4 goblins
  4 hobgoblins
  6 jackals
  5 quokkas
  3 frilled lizards
  A goblin skeleton (D:5)
  3 goblin zombies (D:5)
  2 hobgoblin zombies (D:5)
  15 kobolds
  A kobold skeleton (D:5)
  A kobold zombie (D:5)
  5 rats
301 creatures vanquished.

Vanquished Creatures (others)
  A kobold (D:10)
1 creature vanquished.

Grand Total: 302 creatures vanquished

Notes
Turn   | Place    | Note
-------+----------+-------------------------------------------
     0 | D:1      | Kloppie the Draconian Berserker began the quest for the Orb.
     0 | D:1      | Reached XP level 1. HP: 19/19 MP: 1/1
    75 | D:1      | Reached XP level 2. HP: 21/26 MP: 2/2
   459 | D:1      | Reached ** piety under Trog
   467 | D:1      | Reached XP level 3. HP: 33/33 MP: 3/3
  1117 | D:2      | Found an ornate altar of the Wu Jian Council.
  1134 | D:2      | Reached skill level 4 in Maces & Flails
  1148 | D:2      | Reached XP level 4. HP: 26/41 MP: 4/4
  1409 | D:2      | Found a shimmering altar of Xom.
  1637 | D:3      | Noticed Natasha
  1647 | D:3      | Killed Natasha
  1974 | D:3      | Reached skill level 5 in Fighting
  2008 | D:3      | Found a deep blue altar of Sif Muna.
  2041 | D:3      | Noticed topfpfpflanze's ghost (weakling OpFE)
  2046 | D:3      | Killed topfpfpflanze's ghost
  2046 | D:3      | Reached XP level 5. HP: 48/48 MP: 5/5
  2123 | D:3      | Noticed Natasha
  2131 | D:3      | Killed Natasha
  2231 | D:3      | Reached *** piety under Trog
  2257 | D:3      | Reached skill level 5 in Maces & Flails
  2388 | D:4      | Reached XP level 6. HP: 29/57 MP: 6/6
  2649 | D:4      | Found a sparkling altar of Nemelex Xobeh.
  2783 | D:4      | Found a blossoming altar of Fedhas.
  2785 | D:4      | Noticed Edmund
  2792 | D:4      | Killed Edmund
  2872 | D:4      | Found a burning altar of Makhleb.
  2983 | D:5      | Entered Level 5 of the Dungeon
  3016 | D:5      | Reached skill level 6 in Maces & Flails
  3018 | D:5      | Your scales start taking on a pale cyan-grey colour.
  3018 | D:5      | Reached XP level 7. HP: 54/64 MP: 7/7
  3106 | D:5      | Found a radiant altar of Vehumet.
  3127 | D:5      | Found a glowing golden altar of the Shining One.
  3714 | D:6      | Found a glowing silver altar of Zin.
  3714 | D:6      | Found a basalt altar of Yredelemnul.
  3798 | D:6      | Reached skill level 7 in Maces & Flails
  3805 | D:6      | Reached XP level 8. HP: 67/74 MP: 5/8
  4068 | D:6      | Found a staircase to the Ecumenical Temple.
  4383 | D:6      | Found a deep blue altar of Sif Muna.
  4814 | D:7      | Reached skill level 8 in Maces & Flails
  4885 | D:7      | Reached **** piety under Trog
  4900 | D:7      | Found a snail-covered altar of Cheibriados.
  4939 | D:7      | Noticed a hornet
  4946 | D:7      | Killed a hornet
  4946 | D:7      | Reached skill level 9 in Maces & Flails
  4946 | D:7      | Reached XP level 9. HP: 36/85 MP: 4/9
  5109 | D:7      | Reached skill level 10 in Fighting
  5132 | D:7      | Noticed Menkaure
  5148 | D:7      | Killed Menkaure
  5296 | D:7      | Found a sacrificial altar of Ru.
  5446 | D:7      | Found an iron altar of Okawaru.
  5638 | D:7      | Found a runed door.
  5716 | D:7      | Noticed Crazy Yiuf
  5722 | D:7      | Killed Crazy Yiuf
  5930 | D:8      | Noticed Maurice
  6266 | D:8      | Noticed a two-headed ogre
  6319 | D:8      | Reached skill level 10 in Maces & Flails
  6407 | D:8      | Killed a two-headed ogre
  6773 | D:8      | Killed Maurice
  6773 | D:8      | Reached XP level 10. HP: 92/96 MP: 10/10
  6925 | D:8      | Reached skill level 1 in Shields
  7259 | D:9      | Reached skill level 11 in Maces & Flails
  7803 | D:9      | Found a roughly hewn altar of Beogh.
  8191 | D:9      | Found a staircase to the Orcish Mines.
  8254 | D:9      | Reached skill level 5 in Shields
  8255 | D:9      | Reached ***** piety under Trog
  8832 | D:10     | Entered Level 10 of the Dungeon
  8844 | D:9      | Reached skill level 12 in Maces & Flails
  9667 | D:9      | Reached XP level 11. HP: 57/103 MP: 4/11
  9977 | D:9      | Received a gift from Trog
 10791 | D:10     | Found a portal to a secret trove of treasure.
 11181 | D:10     | Found a staircase to the Lair.
 11612 | D:10     | Reached skill level 13 in Maces & Flails
 11623 | D:10     | Received a gift from Trog
 11744 | Lair:1   | Entered Level 1 of the Lair of Beasts
 12021 | D:10     | HP: 3/154 [elephant (6)]
 12400 | D:11     | Noticed Urug
 12421 | D:11     | Killed Urug
 12628 | D:11     | Found Vobaqyrch's Gadget Boutique.
 12666 | D:11     | Noticed Josephine
 12687 | D:11     | Killed Josephine
 12717 | D:10     | HP: 5/154 [wraith[Josephine] (7)]
 13035 | D:11     | Reached XP level 12. HP: 87/110 MP: 12/12
 13219 | D:11     | Slain by a slime creature

Skill      XL: |  1  2  3  4  5  6  7  8  9 10 11 |
---------------+----------------------------------+-----
Fighting       | 4 5 6 7 9 11 | 11.6
Maces & Flails | 4 5 6 7 9 10 12 13 | 13.8
Shields        | 6 9 |  9.2
Dodging        | 3 |  3.4

Action                   |  1- 3 |  4- 6 |  7- 9 | 10-12 || total
-------------------------+-------+-------+-------+-------++-------
Melee: Mace              |   147 |   145 |       |       ||   292
       Tailslap          |    12 |    22 |    48 |   118 ||   200
       Flail             |       |    23 |   273 |   537 ||   833
       Morningstar       |       |       |       |   121 ||   121
Invok: Berserk           |     1 |     5 |     3 |     5 ||    14
       Trog's Hand       |     1 |     1 |     1 |     4 ||     7
 Abil: Breathe Steam     |       |       |       |     1 ||     1
  Use: Potion            |       |     1 |       |     5 ||     6
       Scroll            |       |     3 |    16 |     4 ||    23
 Stab: Sleeping          |     1 |     1 |     5 |     7 ||    14
       Paralysed         |       |       |     1 |       ||     1
  Eat: Chunk             |     1 |    13 |    10 |    14 ||    38
       Ration            |       |       |     2 |     4 ||     6
Armor: Skin              |    62 |    48 |    70 |   142 ||   322
Dodge: Dodged            |   109 |   108 |   135 |   303 ||   655
Block: Other             |       |       |     1 |     1 ||     2
       Shield            |       |       |       |   568 ||   568
       Reflection        |       |       |       |     6 ||     6
